Map: Equilibrium LE

Players

Promatic

  • Race: Protoss Protoss
  • League: Platinum
  • Spawn Location: 11:00

Subwayeatn - Winner!

  • Race: Zerg Zerg
  • League: Diamond
  • Spawn Location: 1:00

VOD

Have the link to the VOD?

Description

Time

  • Played on: Nov. 16, 2023, 11:48 a.m.
  • Length: 8:15
Show
View Real Time Build Order
Export as new Build Order

Promatic Protoss 

Build Orders: Nexus First 

Get SALT Encoding   

  12  0:00  Probe  
  13  0:12  Probe  
  14  0:24  Probe  
  15  0:46  Nexus  
  15  0:55  Pylon  
  15  1:13  Probe  
  16  1:28  Nexus  
  16  1:31  Probe (Chrono Boost)  
  17  1:42  Probe (Chrono Boost)  
  17  1:45  Forge  
  18  1:47  Probe (Chrono Boost)  
  19  1:57  Probe  
  20  2:05  Probe  
  21  2:09  Gateway, Probe  
  22  2:17  Probe  
  22  2:21  Probe  
  24  2:23  Photon Cannon  
  24  2:29  Probe  
  25  2:33  Photon Cannon  
  25  2:35  Probe  
  26  2:44  Probe (Chrono Boost), Assimilator  
  26  2:48  Probe (Chrono Boost)  
  26  2:50  Assimilator  
  28  2:56  Probe x2 (Chrono Boost)  
  31  2:58  Probe (Chrono Boost)  
  31  3:03  Probe x2 (Chrono Boost)  
  31  3:05  Probe (Chrono Boost)  
  34  3:08  Probe (Chrono Boost)  
  34  3:10  Cybernetics Core  
  34  3:12  Pylon  
  35  3:14  Probe (Chrono Boost)  
  36  3:21  Pylon  
  36  3:23  Probe (Chrono Boost)  
  36  3:26  Probe (Chrono Boost)  
  39  3:32  Probe x2 (Chrono Boost), Assimilator  
  39  3:33  Probe (Chrono Boost)  
  41  3:34  Assimilator  
  41  3:37  Probe (Chrono Boost)  
  42  3:45  Pylon  
  42  3:46  Probe (Chrono Boost)  
  44  3:48  Probe (Chrono Boost)  
  44  3:55  Probe (Chrono Boost)  
  46  3:56  Probe (Chrono Boost)  
  46  3:59  Probe (Chrono Boost)  
  46  4:01  Probe x2 (Chrono Boost)  
  48  4:07  Stargate, Zealot  
  52  4:11  Probe (Chrono Boost)  
  52  4:12  Probe (Chrono Boost)  
  52  4:13  Assimilator  
  53  4:17  Assimilator  
  53  4:23  Probe (Chrono Boost)  
  56  4:25  Pylon, Probe x2 (Chrono Boost)  
  56  4:26  Stargate  
  56  4:27  Probe (Chrono Boost)  
  56  4:28  Gateway  
  56  4:31  Gateway  
  57  4:36  Twilight Council  
  57  4:39  Probe  
  60  4:51  Probe (Chrono Boost)  
  61  4:56  Pylon  
  62  5:01  Probe (Chrono Boost)  
  62  5:06  Probe (Chrono Boost)  
  66  5:07  Void Ray (Chrono Boost)  
  60  5:17  Probe  
  46  5:29  Probe  
  46  5:34  Zealot x2  
  44  5:42  Void Ray (Chrono Boost)  
  24  6:16  Nexus  
  24  6:34  Probe  
  24  6:36  Pylon x2  
  25  6:53  Probe (Chrono Boost)  
  25  6:56  Gateway  
  25  6:57  Cybernetics Core  
  25  7:02  Probe (Chrono Boost)  
  25  7:03  Dark Shrine  
  25  7:06  Gateway  
  25  7:07  Probe (Chrono Boost)  
  27  7:19  Probe (Chrono Boost)  
  28  7:27  Probe (Chrono Boost)  
  29  7:34  Probe (Chrono Boost)  
  31  7:39  Probe (Chrono Boost)  
  31  7:42  Stargate  
  31  7:43  Probe (Chrono Boost)  
  32  7:45  Zealot  
  32  7:46  Stargate  
  32  7:47  Probe (Chrono Boost)  
  32  7:48  Probe (Chrono Boost)  
  36  7:58  Probe  
  37  8:00  Probe  
Show
View Real Time Build Order
Export as new Build Order

Subwayeatn Zerg - Winner!

Build Orders: 3 Hatch before Pool, Zergling Baneling 

Get SALT Encoding   

  12  0:00  Drone  
  13  0:08  Drone  
  14  0:33  Hatchery  
  13  0:38  Drone  
  14  1:04  Hatchery  
  13  1:05  Drone  
  14  1:21  Spawning Pool  
  14  1:24  Drone  
  14  1:30  Extractor  
  14  1:31  Drone  
  15  1:37  Overlord  
  15  2:12  Zergling x2  
  15  2:13  Queen  
  18  2:18  Drone  
  18  2:19  Drone  
  18  2:21  Queen  
  22  2:25  Queen  
  22  2:26  Overlord  
  24  2:31  Zergling x2  
  25  2:39  Drone, Extractor  
  25  2:41  Drone x2  
  25  2:44  Drone  
  28  2:51  Drone x2  
  30  3:07  Overlord  
  30  3:15  Zergling x2  
  30  3:16  Zergling x10  
  36  3:23  Drone  
  36  3:27  Baneling Nest  
  36  3:29  Zergling x4  
  36  3:32  Zergling x2  
  36  3:34  Zergling x2  
  40  3:36  Zergling x2  
  40  3:39  Zergling x2  
  42  3:41  Zergling x2  
  42  3:44  Zergling x2  
  44  3:58  Zergling x2  
  44  3:59  Zergling x8  
  49  4:03  Overlord  
  49  4:11  Baneling  
  49  4:12  Baneling x4  
  49  4:17  Zergling x2  
  49  4:19  Baneling  
  50  4:25  Zergling x2  
  50  4:26  Zergling x6  
  50  4:27  Zergling x2  
  50  4:30  Zergling x2  
  56  4:32  Baneling  
  56  4:34  Zergling x2  
  56  4:36  Zergling x2  
  58  4:39  Baneling  
  52  5:12  Zergling x12  
  58  5:49  Zergling x2  
  57  5:50  Zergling x2  
  55  6:00  Zergling x2  
  55  6:01  Zergling x8  
  57  6:04  Metabolic Boost  
  49  6:29  Zergling x2  
  49  6:30  Zergling x16  
  51  6:45  Zergling x16  
  55  7:01  Zergling x10  
  52  7:02  Zergling x4  
  55  7:10  Zergling x2  
  49  7:33  Zergling x16  
  49  7:34  Zergling x4  
Tags
 
Add a new tag
Caveats
  • Supply blocks, unpowered buildings, or Contaminate may cause inaccurate times.
  • Supply counts are checked every 10 seconds.